 Dungeon Crawl Stone Soup version 0.29.1-1-gd02db6906a (webtiles) character file.

Game seed: 775810441910446588

257 pyryhyry the Twirler (level 5, -1/39 HPs)
             Began as a Demonspawn Gladiator on Oct 18, 2022.
             Slain by a kobold
             ... wielding a +0 dagger of protection
              (2 damage)
             ... on level 3 of the Dungeon.
             The game lasted 00:05:03 (2909 turns).

pyryhyry the Twirler (Demonspawn Gladiator)         Turns: 2909, Time: 00:05:03

Health: -1/39      AC:  3    Str: 17    XL:     5   Next: 93%
Magic:  5/5        EV: 12    Int:  9    God:
Gold:   113        SH:  0    Dex: 14    Spells: 4/4 levels left

rFire   . . .      SeeInvis .   a - +0 quarterstaff
rCold   . . .      Faith    .   (shield currently unavailable)
rNeg    . . .      Spirit   .   b - +0 leather armour
rPois   .          Reflect  .   (helmet restricted)
rElec   .          Harm     .   (no cloak)
rCorr   .          Rampage  .   (no gloves)
Will    .....                   (no boots)
Stlth   +.........              (no amulet)
HPRegen 0.13/turn               (no ring)
MPRegen 0.09/turn               (no ring)

@: no status effects
A: antennae 1, demonic guardian 2
a: no special abilities


You were on level 3 of the Dungeon.
You visited 1 branch of the dungeon, and saw 4 of its levels.

You collected 113 gold pieces.

Inventory:

Hand Weapons
 a - a +0 quarterstaff (weapon)
Missiles
 d - 2 throwing nets (quivered)
 e - a javelin
Armour
 b - a +0 leather armour (worn)
 c - a +0 helmet
 i - a +0 chain mail
 w - a +0 scale mail
Jewellery
 n - a ring of poison resistance
Wands
 v - a wand of flame (21)
Scrolls
 g - a scroll of enchant armour {unknown}
 h - a scroll of immolation {unknown}
 m - a scroll of amnesia {unknown}
 o - a scroll of brand weapon {unknown}
 q - a scroll of teleportation {unknown}
 t - a scroll of poison {unknown}
 x - a scroll of fear {unknown}
Potions
 f - a potion of curing {unknown}
 j - a potion of magic
 k - a potion of berserk rage {unknown}
 l - 2 potions of lignification {unknown}
 p - a potion of mutation {unknown}
 r - 2 potions of might
 s - a potion of cancellation {unknown}
 u - a potion of brilliance {unknown}


   Skills:
 + Level 2.7 Fighting
 + Level 4.6 Staves
 + Level 1.8 Throwing
 + Level 2.1 Armour
 + Level 3.2 Dodging
 + Level 1.2 Stealth


You had 4 spell levels left.
You didn't know any spells.
Your spell library contained the following spells:

 Spells                   Type           Power      Damage    Failure   Level
 Apportation              Tloc           0%         N/A       43%         1
 Necrotise                Necr           0%         1d4       43%         1
 Shock                    Conj/Air       0%         1d3       43%         1
 Summon Small Mammal      Summ           0%         N/A       43%         1
 Ensorcelled Hibernation  Hex/Ice        0%         N/A       58%         2
 Spider Form              Tmut/Pois      0%         N/A       82%         3
 Swiftness                Air            0%         N/A       82%         3
 Airstrike                Air            0%         2d(0-16)  99%         4
 Anguish                  Hex/Necr       0%         N/A       99%         4


Dungeon Overview and Level Annotations

Branches:
Dungeon (4/15)
 Temple: D:4-7

Altars:


Innate Abilities, Weirdness & Mutations

You have a pair of small antennae on your head.
A demonic guardian rushes to your aid.


Message History

You sock Natasha!
Natasha is severely wounded.
Natasha barely misses you.
Your hellwing barely misses Natasha.
Your hellwing hits Natasha.
Natasha dies!
Natasha growls in agony!
The kobold hits you with a +0 dagger of protection.
You hit the kobold but do no damage.
The kobold hits you with a +0 dagger of protection.
* * * LOW HITPOINT WARNING * * *
The dart slug launches a dart at you. The slug dart hits you.
* * * LOW HITPOINT WARNING * * *
Your hellwing misses the kobold.
Your hellwing barely misses the kobold.
Your hellwing hits the kobold but does no damage.
Your hellwing closely misses the kobold.
You hit the kobold.
The kobold is moderately wounded.
The kobold hits you with a +0 dagger of protection.
* * * LOW HITPOINT WARNING * * *
Your hellwing hits the kobold but does no damage.
Your hellwing hits the kobold.
Press: ? - help, v - describe, . - travel
Here: a kobold, wielding a +0 dagger of protection and quivering stones (severely wounded, ally target)
The floor, spattered with blood.
The kobold attacks as you move away!
The kobold hits you with a +0 dagger of protection.
* * * LOW HITPOINT WARNING * * *
Found a ring mail.
Found a stone staircase leading down.
You closely miss the kobold.
The kobold is severely wounded.
The kobold closely misses you.
Your hellwing barely misses the kobold.
Your hellwing hits the kobold but does no damage.
The dart slug launches a dart at you.
The slug dart hits your hellwing but does no damage.
Okay, then.
Okay, then.
It was a potion of magic.
Magic courses through your body.
The kobold hits you with a +0 dagger of protection.
You die...

...[ .>..
....##..####
#.<........###
#............
...........#
...........#
...........# .
#....@K..####...
#...
...#....4....)....
#... ###...........#
#... #..#..........#
#...
#...#.#..w....##
#...
.....#.#.......#
#... ..##
..........# #... .#
)#.#.......# ##...
..#.#.....#.####[.##


You could see a dart slug (ally target), a kobold and a friendly hellwing
(summoned).

Vanquished Creatures
  Sigmund (D:3)
  2 adders (D:3)
  A worm (D:3)
  7 dart slugs
  2 endoplasms
  2 giant cockroaches
  5 hobgoblins
  A quokka (D:2)
  4 ball pythons
  6 bats
  5 frilled lizards
  5 goblins
  4 kobolds
  4 rats
49 creatures vanquished.

Vanquished Creatures (collateral kills)
  Natasha (D:3)
  A dart slug (D:3)
2 creatures vanquished.

Grand Total: 51 creatures vanquished

Notes
Turn   | Place    | Note
-------+----------+-------------------------------------------
     0 | D:1      | pyryhyry the Demonspawn Gladiator began the quest for the
                  | Orb.
     0 | D:1      | Reached XP level 1. HP: 16/16 MP: 1/1
   487 | D:1      | Reached skill level 3 in Staves
   606 | D:1      | Gained mutation: A weak demonic guardian rushes to your
                  | aid. [demonic ancestry]
   606 | D:1      | Reached XP level 2. HP: 18/22 MP: 2/2
  1547 | D:2      | Reached skill level 1 in Armour
  1689 | D:2      | Gained mutation: A demonic guardian rushes to your aid.
                  | [demonic ancestry]
  1689 | D:2      | Reached XP level 3. HP: 21/27 MP: 3/3
  1753 | D:2      | Noticed a shining eye
  1754 | D:2      | Found a faded altar of an unknown god.
  1755 | D:2      | Noticed a floating eye
  1755 | D:2      | Noticed a great orb of eyes
  1755 | D:2      | Noticed a shining eye
  2489 | D:3      | Gained mutation: You have a pair of small antennae on your
                  | head. [demonic ancestry]
  2489 | D:3      | Reached XP level 4. HP: 15/33 MP: 4/4
  2561 | D:3      | Noticed Sigmund
  2598 | D:3      | Killed Sigmund
  2599 | D:3      | Reached skill level 4 in Staves
  2599 | D:3      | Reached skill level 1 in Stealth
  2599 | D:3      | Reached XP level 5. HP: 15/39 MP: 5/5
  2849 | D:3      | You fall into a shaft and drop 1 floor!
  2896 | D:3      | Noticed Natasha
  2901 | D:3      | Killed Natasha
  2907 | D:3      | HP: 1/39 [kobold/+0 dagger of protection (3)]
  2909 | D:3      | Slain by a kobold

Illustrated notes

Levels and vault maps discovered:
D:1:      sevenhm_arrival_forest_fort_small_5, layout_loops_corners,
          nicolae_hexahallways, kennysheep_minor_cross, minmay_unequal
D:2:      layout_basic, hellmonk_ecumenical_altar_watching_god,
          hangedman_glass_teeth
D:3:      kennysheep_slugbush, layout_basic, nicolae_titane, uniq_natasha,
          uniq_crazy_yiuf_cottage, uniq_terence, uniq_sigmund
D:4:      layout_layer_cave, kiku_gazebo_pond_becter, minmay_statues_item,
          solitary_fountain, kennysheep_nub, st_stairs_5,
          hangedman_feature_mirror, uniq_robin, uniq_blork_the_orc, uniq_ijyb

Skill      XL: |  1  2  3  4 |
---------------+-------------+-----
Staves         | 3 4 |  4.6
Armour         | 1 2 |  2.1
Dodging        | 3 |  3.2
Stealth        | 1 |  1.2
Fighting       | |  2.7
Throwing       | |  1.8

Action                   |  1- 3 |  4- 6 || total
-------------------------+-------+-------++-------
Melee: Quarterstaff      |   107 |    25 ||   132
Throw: Throwing net      |       |     2 ||     2
  Use: Potion            |     2 |     1 ||     3
       Scroll            |     1 |       ||     1
 Stab: Sleeping          |     2 |     1 ||     3
Armor: Leather armour    |    39 |     5 ||    44
Dodge: Dodged            |    75 |    19 ||    94
